 Dungeon Crawl Stone Soup version 0.19.5 (webtiles) character file.

203 JeffiDaFish the Shield-Bearer (level 5, -7/33 HPs)
             Began as a Gargoyle Fighter on Mar 10, 2017.
             Was an Initiate of Okawaru.
             Killed by divine providence
             ... invoked by an orc priest
              (12 damage)
             ... on level 4 of the Dungeon.
             The game lasted 00:06:08 (3057 turns).

JeffiDaFish the Shield-Bearer (Gargoyle Fighter)    Turns: 3057, Time: 00:06:08

Health: -7/33      AC: 14    Str: 21 (24) XL:     5   Next: 81%
Magic:  5/5        EV:  8    Int: 10 (11) God:    Okawaru [......]
Gold:   167        SH:  0    Dex: 10      Spells: 0 memorised, 4 levels left

rFire  . . .     SeeInvis .     a - +0 flail
rCold  . . .     Gourm    .     b - +0 scale mail
rNeg   + . .     Faith    .     c - +0 shield
rPois  ∞         Spirit   .     (no helmet)
rElec  +         Reflect  .     (no cloak)
rCorr  .         Harm     .     o - +0 pair of gloves
MR     .....                    e - +1 pair of boots
Stlth  ..........               (no amulet)
                                (no ring)
                                i - +2 ring of intelligence

@: confused, mighty
A: negative energy resistance 1, electricity resistance, unbreathing,
petrification resistance, rot immunity, AC +4
a: Renounce Religion


You were on level 4 of the Dungeon.
You worshipped Okawaru.
Okawaru was noncommittal.
You were hungry.

You visited 1 branch of the dungeon, and saw 4 of its levels.

You collected 167 gold pieces.

Inventory:

Hand Weapons
 a - a +0 flail (weapon)
Armour
 b - a +0 scale mail (worn)
 c - a +0 shield (worn)
 e - a +1 pair of boots (worn)
 o - a +0 pair of gloves (worn)
Jewellery
 i - a +2 ring of intelligence (left hand)
Scrolls
 m - a scroll of amnesia
 n - 2 scrolls of teleportation
 p - a scroll of remove curse
 q - a scroll of identify
Potions
 d - a potion of might
Comestibles
 f - 5 bread rations
 h - a slice of pizza
 j - a meat ration
 l - 2 beef jerkies


   Skills:
 + Level 3.7 Fighting
 + Level 3.7 Maces & Flails
 + Level 3.8 Armour
 + Level 0.5 Dodging
 + Level 5.0 Shields


You had 4 spell levels left.
You didn't know any spells.

Dungeon Overview and Level Annotations

Branches:
Dungeon (4/15)
 Temple: D:4-7

Altars:
Dithmenos
Elyvilon
Fedhas
Okawaru

Shops:
D:4 (


Innate Abilities, Weirdness & Mutations

You are resistant to torment.
Your stone body is resilient. (AC +4)
You are immune to poison.
You resist negative energy. (rN+)
You are resistant to electric shocks. (rElec)
You can survive without breathing.
You are immune to petrification.
You are immune to rotting.


Message History

The orc wizard hits you but does no damage.
You miss the orc wizard.
The orc priest miscasts a cantrip.
The orc priest calls down the wrath of Beogh upon you.
Beogh smites you!
* * * LOW HITPOINT WARNING * * *
The orc wizard hits you but does no damage.
The orc hits you but does no damage.
You hear a shout!
A gnoll comes into view. It is wielding a halberd.
The gnoll shouts!
The orc priest hits you but does no damage.
The orc wizard points at you and mumbles some strange words.
You resist with some effort.
The orc priest hits you but does no damage.
You miss the orc priest. The orc hits you but does no damage.
The orc wizard barely misses you. The orc priest barely misses you.
The orc priest mumbles some strange prayers to Beogh against you.
Beogh smites you!
You die...

...######## ##.### #.........#
##.## #.........# ##.##
#.........# ##.## ..........#
#..# #.....# #..# .### #...##
#..## ###### .....
##..o.#####...###[...# .....#
##.ggo@o...............
......###...##o................
.........go######..............
#......o.## ##....########.
.....#.### ###### ## #.......#
# .......#.##### ###### #
....g........###....## #
.....g..#............###


You could see 2 orc priests, an orc wizard, 3 gnolls and an orc.

Vanquished Creatures
  A hound (D:4)
  A hound skeleton (D:4)
  4 adders
  6 oozes
  An adder skeleton (D:4)
  A worm (D:1)
  4 dart slugs
  3 leopard geckos
  4 bats
  9 giant cockroaches
  8 goblins
  8 hobgoblins
  13 jackals
  A quokka (D:2)
  2 ball pythons
  5 frilled lizards
  A kobold (D:3)
  5 rats
77 creatures vanquished.

Notes
Turn   | Place    | Note
-------+----------+-------------------------------------------
     0 | D:1      | JeffiDaFish the Gargoyle Fighter began the quest for the Orb.
     0 | D:1      | Reached XP level 1. HP: 14/14 MP: 1/1
     1 | D:1      | Found a runed door.
   108 | D:1      | Reached XP level 2. HP: 19/19 MP: 2/2
   474 | D:1      | Reached XP level 3. HP: 21/23 MP: 3/3
   977 | D:1      | Reached skill level 4 in Shields
  1351 | D:2      | Reached XP level 4. HP: 28/28 MP: 4/4
  1889 | D:2      | Found a white marble altar of Elyvilon.
  2192 | D:3      | Reached XP level 5. HP: 32/32 MP: 5/5
  2291 | D:3      | Found a blossoming altar of Fedhas.
  2448 | D:3      | Found a shadowy altar of Dithmenos.
  2606 | D:3      | Found an iron altar of Okawaru.
  2633 | D:3      | Became a worshipper of Warmaster Okawaru
  2762 | D:4      | Found Uraul's Weapon Emporium.
  2848 | D:4      | Reached skill level 5 in Shields
  3049 | D:4      | HP: 1/33 [orc priest/divine providence (9)]
  3057 | D:4      | Killed from afar by an orc priest

Skill      XL: |  1  2  3  4  5 |
---------------+----------------+-----
Shields        | 4 5 |  5.0
Maces & Flails | 3 |  3.7
Fighting       | |  3.7
Armour         | |  3.8
Dodging        | |  0.5

Action                   |  1- 3 |  4- 6 || total
-------------------------+-------+-------++-------
Melee: Flail             |   148 |   189 ||   337
  Use: Scroll            |     5 |     4 ||     9
       Potion            |     1 |     6 ||     7
  Eat: Chunk             |     1 |     6 ||     7
Armor: Scale mail        |   102 |   122 ||   224
Dodge: Dodged            |    62 |    65 ||   127
Block: Shield            |   103 |   108 ||   211
